 Dungeon Crawl Stone Soup version 0.27.0-1-g7a089689b8 (webtiles) character file.

Game seed: 9235365361112506666

20 SnakkuSnakku7 the Grave Robber (level 2, -3/22 HPs)
             Began as a Merfolk Necromancer on Aug 7, 2021.
             Frozen to death by an endoplasm (5 damage)
             ... on level 1 of the Dungeon.
             The game lasted 00:01:18 (1115 turns).

SnakkuSnakku7 the Grave Robber (MfNe)               Turns: 1115, Time: 00:01:19

Health: -3/22      AC:  4    Str:  8    XL:     2   Next: 79%
Magic:  1/1        EV: 12    Int: 14    God:
Gold:   24         SH:  0    Dex: 14    Spells: 4/5 levels left

rFire    . . .     SeeInvis .   i - +1 dagger (antimagic)
rCold    . . .     Faith    .   (no shield)
rNeg     . . .     Spirit   .   a - +0 robe
rPois    .         Reflect  .   d - +2 hat
rElec    .         Harm     .   (no cloak)
rCorr    .         Rampage  .   (no gloves)
Will     .....                  (no boots)
Stlth    ++........             (no amulet)
HPRegen  0.07/turn              (no ring)
MPRegen  0.07/turn              (no ring)

@: no status effects
A: (nimble swimmer 2), mertail
a: no special abilities


You were on level 1 of the Dungeon.
You visited 1 branch of the dungeon, and saw 1 of its levels.

You collected 24 gold pieces.

Inventory:

Hand Weapons
 c - a +0 dagger
 i - a +1 antimagic dagger (weapon)
Missiles
 f - 13 poisoned darts (quivered)
Armour
 a - a +0 robe (worn)
 d - a +2 hat (worn)
Scrolls
 b - a scroll of noise {unknown}
 g - a scroll of amnesia {unknown}
 h - a scroll of enchant weapon {unknown}
Potions
 e - a potion of lignification {unknown}


   Skills:
 - Level 2.2 Fighting
 + Level 0.9 Throwing
 - Level 2.6 Dodging
 - Level 2.1 Stealth
 - Level 2.0 Spellcasting
 - Level 3.2 Necromancy


You had 4 spell levels left.
You knew the following spells:

 Your Spells              Type           Power      Damage    Failure   Level
a - Pain                  Necr           40%        1d6       6%          1

Your spell library contained the following spells:

 Spells                   Type           Power      Damage    Failure   Level
 Animate Skeleton         Necr           20%        N/A       6%          1
 Vampiric Draining        Necr           5%         2d6       19%         3
 Animate Dead             Necr           5%         N/A       52%         4
 Agony                    Necr           10%        N/A       86%         5


Dungeon Overview and Level Annotations

Branches:
Dungeon (1/15)

Altars:


Innate Abilities, Weirdness & Mutations

((You are quick and stealthy near water. (Stealth+, EV+, Speed+++)))
Your lower body shifts to a powerful aquatic tail in water.


Message History

You kill the goblin!
You see here a +1 antimagic dagger.
You see here a +1 antimagic dagger.
i - a +1 antimagic dagger You feel magic leave you.
i - a +1 antimagic dagger (weapon)
An endoplasm comes into view.
An endoplasm is nearby!
An endoplasm is nearby!
A ball python and an endoplasm come into view.
The endoplasm quivers. x2
Found a glowing white potion.
Found a stone staircase leading down.
The ball python hisses angrily.
You hit the endoplasm.
The endoplasm is heavily wounded.
The endoplasm freezes you.
You are frozen.
You hit the endoplasm.
You kill the endoplasm!
You hit the endoplasm.
The endoplasm is lightly wounded.
The endoplasm freezes you.
You are frozen.
You hit the endoplasm.
The endoplasm is severely wounded.
The endoplasm freezes you.
You are frozen.
* * * LOW HITPOINT WARNING * * *
You barely miss the endoplasm.
The endoplasm is severely wounded.
The endoplasm hits you but does no damage.
You barely miss the endoplasm.
The endoplasm is severely wounded.
The endoplasm freezes you.
You are frozen.
* * * LOW HITPOINT WARNING * * *
Unknown command.
The endoplasm freezes you.
You are frozen.
You die...

♣..# #....# #.)#.>...#.#
♣.# ###
#..#.....#.######## ♣.#
#>.#.###.#.#......# ♣†#
#............####.# ♣.#
#.##.####.......#.# ..#
#.##........#####.# ..#
#.#...............# ###
#.###....#.########
#.@J.S.....#
...#######....##########
........S...............
.......#################
....... ....... ....!..
>...... .######


You could see an endoplasm and a ball python.

Vanquished Creatures
  A ball python (D:1)
  2 endoplasms (D:1)
  A giant cockroach (D:1)
  A goblin (D:1)
  3 hobgoblins (D:1)
  2 jackals (D:1)
  A quokka (D:1)
  2 bats (D:1)
  A frilled lizard (D:1)
  A kobold (D:1)
  2 rats (D:1)
17 creatures vanquished.

Vanquished Creatures (others)
  7 fungi (D:1)
7 creatures vanquished.

Grand Total: 24 creatures vanquished

Notes
Turn   | Place    | Note
-------+----------+-------------------------------------------
     0 | D:1      | SnakkuSnakku7 the Merfolk Necromancer began the quest for
                  | the Orb.
     0 | D:1      | Reached XP level 1. HP: 13/13 MP: 3/3
    30 | D:1      | Reached skill level 1 in Fighting
   243 | D:1      | Reached XP level 2. HP: 10/22 MP: 0/5
  1111 | D:1      | HP: 1/22 [frozen (3)]
  1115 | D:1      | Frozen to death by an endoplasm

Illustrated notes

Levels and vault maps discovered:
D:1:      scummos_arrival_checkerplants, layout_basic

Skill      XL: |  1  2 |
---------------+-------+-----
Fighting       | 1 2 |  2.2
Throwing       | |  0.9
Dodging        | |  2.6
Stealth        | |  2.1
Spellcasting   | |  2.0
Necromancy     | |  3.2

Action                   || total
-------------------------++-------
Melee: Unarmed           ||     5
       Dagger            ||    63
 Cast: Pain              ||    13
 Stab: Sleeping          ||     1
Armor: Robe              ||    18
Dodge: Dodged            ||    52
